AoeStats
← Apex_predator

Golden Pit

510276432Analyzed
1v1 RM · 1d ago on Sep 30, 2026· 20m 55s· 2 players
Game mode
Random Map
Map size
Tiny (2 player)
Population
200
Speed
Normal
Resources
Standard
Victory
Conquest
Starting age
Dark Age
Ending age
Imperial Age
RankedLock teamsTeams togetherTeam positionsShared explorationLock speedFull tech treeHidden civsTurbo modeCheats
Victory
Defeat
🇺🇸 Dravidians · United States
849
+16
🇦🇺 Inca · Australia
840
-16
Apex_predator
11:09 Feudal Age
11:34 Champi Runner
15:18 Gold Mining
16:47 Scale Mail Armor
pointystick
8:16 Loom
10:56 Feudal Age
12:33 Double-Bit Axe
19:07 Castle Age
Connection lost

Rejoining the realm…

Still unreachable

The connection could not be restored.

Session expired

The server has moved on; the page needs a fresh start.